 Dungeon Crawl Stone Soup version 0.23.2-40-g277498a001 (webtiles) character file.

Game seed: 11160583720426007429

215 Amplified the Magician (level 5, 0/40 HPs)
             Began as a Demonspawn Fire Elementalist on Oct 14, 2019.
             Slain by Duvessa
             ... wielding a +0 short sword
              (6 damage)
             ... on level 4 of the Dungeon.
             The game lasted 00:05:50 (3223 turns).

Amplified the Magician (DsFE)                       Turns: 3223, Time: 00:05:51

Health: 0/40       AC:  3    Str:  8    XL:     5   Next: 60%
Magic:  6/10       EV: 17    Int: 18    God:
Gold:   183        SH:  0    Dex: 18    Spells: 10/11 levels left

rFire    . . .     SeeInvis .   e - +4 whip (vamp)
rCold    . . .     Gourm    .   (no shield)
rNeg     . . .     Faith    .   a - +0 robe
rPois    .         Spirit   .   d - +0 helmet (curse)
rElec    .         Reflect  .   (no cloak)
rCorr    .         Harm     +   (no gloves)
MR       .....                  (no boots)
Stlth    +++.......             g - amulet of harm
HPRegen  0.13/turn              (no ring)
MPRegen  0.12/turn              (no ring)

@: agile, flying, very slightly contaminated
A: hooves 1, powered by death 2, rot immunity
a: no special abilities


You were on level 4 of the Dungeon.
You were not hungry.

You visited 1 branch of the dungeon, and saw 4 of its levels.

You collected 183 gold pieces.

Inventory:

Hand Weapons
 e - a +4 vampiric whip (weapon)
Armour
 a - a +0 robe (worn)
 d - a cursed +0 helmet (worn)
 m - a scarf of spirit shield
Jewellery
 g - an amulet of harm (around neck)
Scrolls
 f - 3 scrolls of immolation
 i - a scroll of enchant weapon
 l - a scroll of remove curse
 o - a scroll of enchant armour
Potions
 h - a potion of agility
Comestibles
 b - 5 chunks of flesh
 j - 5 rations


   Skills:
 * Level 2.9 Fighting
 - Level 1.7 Dodging
 - Level 1.7 Stealth
 * Level 3.5 Spellcasting
 * Level 3.2 Conjurations
 - Level 2.6 Fire Magic


You had 10 spell levels left.
You knew the following spells:

 Your Spells              Type           Power        Failure   Level  Hunger
a - Flame Tongue          Conj/Fire      ##...        4%          1    None

Your spell library contained the following spells:

 Spells                   Type           Power        Failure   Level  Hunger
 Magic Dart               Conj           ##..         4%          1    None
 Throw Flame              Conj/Fire      ##....       7%          2    ##.....
 Conjure Flame            Conj/Fire      ##......     14%         3    ###....
 Blink                    Tloc           N/A          24%         2    ##.....
 Call Imp                 Summ           #.......     24%         2    ##.....
 Slow                     Hex            #.......     24%         2    ##.....
 Inner Flame              Hex/Fire       #.......     26%         3    ###....
 Mephitic Cloud           Conj/Pois/Air  #.......     30%         3    ###....
 Sticky Flame             Conj/Fire      ##......     41%         4    ####...
 Fireball                 Conj/Fire      ##........   77%         5    ######.


Dungeon Overview and Level Annotations

Branches:
Dungeon (4/15)
 Temple: D:4-7

Altars:
Cheibriados
Dithmenos
Uskayaw

Annotations:
D:3 2 runed translucent doors, grouchysmurf's ghost, amateur GrFi
D:4 Dowan; Duvessa


Innate Abilities, Weirdness & Mutations

You have large cloven feet.
You regenerate health from kills.
You are immune to rotting.


Message History

Aiming: Flame Tongue (safe; 4% risk of failure)
Press: ? - help, Shift-Dir - straight line, f/p - Duvessa
Aim: Duvessa, wielding a +0 short sword and wearing a +3 leather armour of fire resistance (moderately wounded, fast)
You miscast Flame Tongue.
You are very lightly contaminated with residual magic.
Nothing appears to happen.
Duvessa says, "My weaknesses are his strengths!"
Duvessa hits you with a +0 short sword.
* * * LOW HITPOINT WARNING * * *
Duvessa misses you.
Unknown command.
Casting: Flame Tongue (safe; 4% risk of failure)
Confirm with . or Enter, or press ? or * to list all spells.
Aiming: Flame Tongue (safe; 4% risk of failure)
Press: ? - help, Shift-Dir - straight line, f/p - Duvessa
Aim: Duvessa, wielding a +0 short sword and wearing a +3 leather armour of fire resistance (moderately wounded, fast)
The flame tongue hits Duvessa but does no damage.
Duvessa is moderately wounded.
Duvessa hits you with a +0 short sword.
You die...

................'........#
##.
..#..#####......######e###
.....# #......# #.# .##..#
#......######.### . ....
........##.......# .#...
........##.##..#### ..#...
........##......... .
#..## ##......##..#.....#
#......@ee.#.....#
######.##.##.....# ...
..##.....'.
.......###.....#.
......... . .........
......... .#####.


You could see Duvessa and Dowan.

Vanquished Creatures
  Robin (D:4)
  6 adders
  3 oozes
  4 worms
  5 dart slugs
  2 leopard geckos (D:2)
  7 orcs
  2 giant cockroaches
  19 goblins
  8 hobgoblins
  13 jackals
  A quokka (D:3)
  2 ball pythons
  10 bats
  6 frilled lizards
  9 kobolds
  11 rats
109 creatures vanquished.

Notes
Turn   | Place    | Note
-------+----------+-------------------------------------------
     0 | D:1      | Amplified the Demonspawn Fire Elementalist began the quest
                  | for the Orb.
     0 | D:1      | Reached XP level 1. HP: 13/13 MP: 3/3
   348 | D:1      | Gained mutation: You regenerate a little health from kills.
                  | [demonic ancestry]
   348 | D:1      | Reached XP level 2. HP: 13/20 MP: 0/5
   721 | D:1      | Reached skill level 1 in Fighting
  1115 | D:2      | Gained mutation: You are immune to rotting. [demonic
                  | ancestry]
  1115 | D:2      | Reached XP level 3. HP: 26/26 MP: 6/6
  1352 | D:2      | Found a shadowy altar of Dithmenos.
  1419 | D:2      | Gained mutation: You regenerate health from kills. [demonic
                  | ancestry]
  1419 | D:2      | Reached XP level 4. HP: 24/33 MP: 6/8
  1593 | D:2      | Found a hide-covered altar of Uskayaw.
  2260 | D:3      | Gained mutation: You have large cloven feet. [demonic
                  | ancestry]
  2260 | D:3      | Reached XP level 5. HP: 39/39 MP: 1/9
  2335 | D:3      | Found a runed translucent door.
  2336 | D:3      | Noticed grouchysmurf's ghost (amateur GrFi)
  2338 | D:3      | You fall through a shaft!
  2459 | D:3      | Found a runed translucent door.
  2712 | D:3      | Found a snail-covered altar of Cheibriados.
  2995 | D:4      | Noticed Robin
  3019 | D:4      | Killed Robin
  3195 | D:4      | Noticed Dowan
  3197 | D:4      | Noticed Duvessa
  3212 | D:4      | HP: 1/40 [Duvessa/+0 short sword (10)]
  3223 | D:4      | Slain by Duvessa

Skill      XL: |  1  2  3  4  5 |
---------------+----------------+-----
Fighting       | 1 2 |  2.9
Conjurations   | 2 3 |  3.2
Spellcasting   | 3 |  3.5
Dodging        | |  1.7
Stealth        | |  1.7
Fire Magic     | |  2.6

Action                   |  1- 3 |  4- 6 || total
-------------------------+-------+-------++-------
Melee: Unarmed           |     9 |       ||     9
       Whip              |    84 |   159 ||   243
       Kick              |       |    13 ||    13
 Cast: Flame Tongue      |    36 |    28 ||    64
  Use: Scroll            |     4 |     7 ||    11
       Potion            |       |     7 ||     7
 Stab: Sleeping          |     4 |       ||     4
  Eat: Ration            |     2 |       ||     2
       Chunk             |       |     6 ||     6
Armor: Robe              |    16 |    22 ||    38
Dodge: Dodged            |    89 |   132 ||   221
